 Dungeon Crawl Stone Soup version 0.30-a0-364-gf6b3ef1049 (webtiles) character file.

Game seed: 6825321029225897236

107 ytrimaz the Covered (level 5, -6/41 HPs)
             Began as a Formicid Fighter on Nov 15, 2022.
             Engulfed by a cloud of flame (24 damage)
             ... on level 4 of the Dungeon.
             The game lasted 00:02:32 (2309 turns).

ytrimaz the Covered (Formicid Fighter)              Turns: 2309, Time: 00:02:33

Health: -6/41      AC:  8    Str: 22    XL:     5   Next: 10%
Magic:  5/5        EV:  9    Int:  8    God:
Gold:   92         SH:  6    Dex: 19    Spells: 4/4 levels left

rFire   . . .      SeeInvis +    a - +0 war axe
rCold   . . .      Faith    .    c - +0 buckler
rNeg    . . .      Spirit   .    b - +0 scale mail
rPois   .          Reflect  .    (helmet unavailable)
rElec   .          Harm     .    i - +0 cloak
rCorr   .          Rampage  .    (no gloves)
Will    .....                    (no boots)
Stlth   ..........               (no amulet)
HPRegen 0.26/turn                g - +6 ring of dexterity
MPRegen 0.09/turn                (no ring)

@: no status effects
A: permanent stasis, dig shafts and tunnels, antennae 3, four strong arms
a: Dig, Shaft Self


You were on level 4 of the Dungeon.
You visited 1 branch of the dungeon, and saw 4 of its levels.

You collected 92 gold pieces.


Innate Abilities, Weirdness & Mutations

You cannot be hasted, slowed, berserked, paralysed or teleported.
You can dig through walls and to a lower floor.
You have a pair of large antennae on your head. (SInv)
Your four strong arms can wield two-handed weapons with a shield.


   Skills:
 - Level 3.2 Fighting
 + Level 3.6 Axes
 + Level 4.8 Armour
 - Level 4.0 Shields


You had 4 spell levels left.
You didn't know any spells.
Your spell library was empty.

Inventory:

Hand Weapons
 a - a +0 war axe (weapon)
Missiles
 j - 4 poisoned darts
 k - 3 javelins
 l - a throwing net
Armour
 b - a +0 scale mail (worn)
 c - a +0 buckler (worn)
 i - a +0 cloak (worn)
   (You found it on level 1 of the Dungeon)
Jewellery
 g - a +6 ring of dexterity (left hand)
   (You found it on level 1 of the Dungeon)
Potions
 d - a potion of might
 e - a potion of mutation
 f - a potion of invisibility

Dungeon Overview and Level Annotations

Branches:
Dungeon (4/15) Zot: 21645
 Temple: D:4-7

Altars:

.........#
.........
#........ .[
#........ .##
#.......#####..#
#.......##.....##
#....ยง.ยง.#......
..
#ยง@......###...
##ยง.....#......
##.....<...#
##..........#.
#...............
#...............
#####...........
##..........
##...##....


There were no monsters in sight!


Message History

The ball python closely misses you.
Okay, then.
You hit the ball python but do no damage.
You block the ball python's attack. The ball python grabs you.
The ball python constricts you. You block the ball python's attack.
The ball python constricts you.
You slash the ball python!
You kill the ball python!
You hit the kobold. The kobold barely misses you.
Unknown command.
You block the kobold's attack. Jessica casts a spell at you.
You resist with some effort.
You barely miss the kobold. You closely miss Jessica.
The kobold hits you but does no damage. You block Jessica's attack.
Jessica hits you with a +3 dagger. You block the hobgoblin's attack.
The kobold hits you but does no damage. ๐Ÿ˜• HP[-3]
You take 3 damage, and now have 32/35 hp.
You slash Jessica!
You kill Jessica!
You hit the hobgoblin but do no damage. You closely miss the kobold.
The hobgoblin hits you. The kobold hits you but does no damage.
You have reached level 5! ๐Ÿ˜• HP[+1] MP[+1]
You now have 41 max hp (+6).
Your mp is fully restored (5).
The hobgoblin closely misses you. The kobold barely misses you.
Things that are here:
a +3 dagger; a +0 robe You closely miss the kobold.
You hit the hobgoblin but do no damage. The hobgoblin barely misses you.
The kobold closely misses you. The kobold hits you but does no damage.
The hobgoblin hits you. ๐Ÿ˜ฎ HP[-3]
You take 3 damage, and now have 30/41 hp.
The kobold attacks as you move away! The kobold hits you but does no damage.
You block the hobgoblin's attack.
Unknown command.
You are too injured to fight recklessly!
Unknown command.
You are too injured to fight recklessly!
You slash the hobgoblin!
You kill the hobgoblin!
You hit the kobold. You block the kobold's attack.
You are too injured to fight recklessly!
The kobold hits you but does no damage.
Unknown command.
You are too injured to fight recklessly!
You are too injured to fight recklessly!
Unknown command.
You barely miss the kobold.
The kobold hits you but does no damage. ๐Ÿ˜• HP[+1]
You slash the kobold!
You kill the kobold!
Things that are here:
a +0 short sword; a +3 dagger; a +0 robe Unknown command.
You now have 92 gold pieces (gained 5).
You see here a +0 long sword.
Key pressed, stopping explore. ๐Ÿ˜Ž HP[+10]
Your hp is fully restored (41).
As you open the door, it creaks loudly!
There is an open door here.
You sense a monster nearby.
As you open the door, it creaks loudly!
A goblin comes into view. It is wielding a +0 club.
The goblin shouts!
A goblin is nearby!
A goblin is nearby!
You closely miss the goblin. The goblin hits you but does no damage.
You hit the goblin.
You kill the goblin!
No target in view!
Unknown command.
There is an open door, spattered with blood here.
Things that are here:
a +0 club; a goblin corpse No target in view!
Done exploring.
Done exploring.
There is a stone staircase leading down here.
You climb downwards.
There is a stone staircase leading up here.
h - a scroll labelled CUMMIWNYHOMM A quokka comes into view.
As you read the scroll labelled CUMMIWNYHOMM, it crumbles to dust.
The creatures around you are filled with an inner flame!
It was a scroll of immolation.
Unknown command.
You closely miss the quokka. The quokka barely misses you.
The quokka bites you but does no damage.
You slash the quokka!
The quokka explodes!
The fiery explosion engulfs you!!
Ouch! That really hurt!
* * * LOW HITPOINT WARNING * * *
You are engulfed in blazing flames.
Ouch! That really hurt!
You die...

Skill      XL: |  1  2  3 |
---------------+----------+-----
Armour         | 4 |  4.8
Axes           | 3 |  3.6
Fighting       | |  3.2
Shields        | |  4.0

Action                   |  1- 3 |  4- 6 || total
-------------------------+-------+-------++-------
Melee: War axe           |   101 |    19 ||   120
  Use: Scroll            |     7 |     2 ||     9
Armor: Scale mail        |    42 |    10 ||    52
Dodge: Dodged            |    42 |    11 ||    53
Block: Buckler           |    38 |     9 ||    47

Levels and vault maps discovered:
D:1:      eino_arrival_druids_welcome, layout_loops_ring, minivault_11,
          st_stairs_7
D:2:      layout_loops_corners, hangedman_decor_push, kennysheep_cluttered_room,
          nrook_mini_vaults, corexii_leaking_fountain, bh_walls_and_bars
D:3:      layout_basic, dreamdust_ecumenical_altar_sealed_demon, uniq_jessica
D:4:      minmay_evil_eye, layout_cave_pools, serial_shops, shop,
          nicolae_shop_dragon_depot

Notes
Turn   | Place    | Note
-------+----------+-------------------------------------------
     0 | D:1      | ytrimaz the Formicid Fighter began the quest for the Orb.
     0 | D:1      | Reached XP level 1. HP: 18/18 MP: 1/1
     0 | D:1      | magus.rc [v1.9.6]
   216 | D:1      | Reached XP level 2. HP: 23/24 MP: 2/2
   901 | D:2      | Reached XP level 3. HP: 20/29 MP: 3/3
  1332 | D:2      | Reached skill level 4 in Armour
  2048 | D:3      | Found a faded altar of an unknown god.
  2048 | D:3      | Noticed a blizzard demon
  2098 | D:3      | Reached skill level 3 in Axes
  2101 | D:3      | Reached XP level 4. HP: 32/35 MP: 4/4
  2177 | D:3      | Noticed Jessica
  2184 | D:3      | Killed Jessica
  2185 | D:3      | Reached XP level 5. HP: 33/41 MP: 5/5
  2309 | D:4      | Engulfed by a cloud of flame

Vanquished Creatures
  Jessica (D:3)
  4 gnolls (D:3)
  A worm (D:2)
  A dart slug (D:3)
  An orc (D:3)
  3 bats
  3 endoplasms
  3 giant cockroaches
  7 goblins
  2 hobgoblins (D:3)
  A quokka (D:4)
  3 ball pythons
  4 frilled lizards
  3 kobolds (D:3)
  3 rats
40 creatures vanquished.

Table legend:
 A = Non-vault XP
 B = Vault XP
 C = Vault XP percentage of total XP
 D = Non-vault monster count
 E = Vault monster count
 F = Vault count percentage of total count
                 A         B        C        D         E       F
            +---------+---------+-------+---------+---------+-------
      Total |     117 |      38 |  24.5 |      38 |       2 |   5.0
            +---------+---------+-------+---------+---------+-------
        D:1 |      21 |       1 |   4.5 |      13 |       1 |   7.1
        D:2 |      17 |       0 |   0.0 |       9 |       0 |   0.0
        D:3 |      77 |      37 |  32.5 |      15 |       1 |   6.2
        D:4 |       2 |       0 |   0.0 |       1 |       0 |   0.0
            +---------+---------+-------+---------+---------+-------

Illustrated notes

Table legend:
 A = Kills in this place as a percentage of kills in entire the game.
 B = Kills by you in this place as a percentage of kills by you in the entire game.
 C = Kills by friends in this place as a percentage of kills by friends in the entire game.
 D = Other kills in this place as a percentage of other kills in the entire game.
 E = Experience gained in this place as a percentage of experience gained in the entire game.
 F = Experience gained in this place divided by the number of levels of this place that you have seen.
                   A       B       C       D       E      F
               +-------+-------+-------+-------+-------+----------------------
         Total | 100.0 | 100.0 |   N/A |   N/A | 100.0 |  38.8
       Dungeon | 100.0 | 100.0 |   N/A |   N/A | 100.0 |  38.8
               +-------+-------+-------+-------+-------+----------------------

Table legend: (Time is in decaauts)
 A = Elapsed time spent in this place.
 B = Non-inter-level travel time spent in this place.
 C = Inter-level travel time spent in this place.
 D = Time resting spent in this place.
 E = Time spent auto-exploring this place.
 F = Levels seen in this place.
 G = Mean time per level.
                   A        B        C        D        E       F      G
               +--------+--------+--------+--------+--------+-----+--------+
         Total |   2354 |   2274 |     80 |     98 |   1794 |   4 |  588.5 |
       Dungeon |   2354 |   2274 |     80 |     98 |   1794 |   4 |  588.5 |
               +--------+--------+--------+--------+--------+-----+--------+

Top non-repeatable levels by time:
     D:2: 993 daAuts
     D:1: 783 daAuts
     D:3: 563 daAuts
     D:4: 14 daAuts
